 Dungeon Crawl Stone Soup version 0.31-a0-188-g5e087ee2ca (webtiles) character file.

Game seed: 12808160915323306324

17 qw the Shooter (level 2, 0/16 HPs)
             Began as a Deep Elf Hunter on June 22, 2023.
             Slain by a kobold
             ... wielding a +0 dagger
              (1 damage)
             ... on level 1 of the Dungeon.
             The game lasted 00:00:05 (119 turns).

qw the Shooter (Deep Elf Hunter)                     Turns: 119, Time: 00:00:06

Health: 0/16       AC:  3    Str:  8    XL:     2   Next: 44%
Magic:  4/4        EV: 12    Int: 13    God:
Gold:   7          SH:  0    Dex: 18    Spells: 1/1 levels left

rFire   . . .        a - +0 shortbow
rCold   . . .        (shield currently unavailable)
rNeg    . . .        c - +0 leather armour
rPois   .            (no helmet)
rElec   .            (no cloak)
rCorr   .            (no gloves)
SInv    .            (no boots)
Will    .....        (no amulet)
Stlth   ++           (no ring)
HPRegen 0.22/turn    (no ring)
MPRegen 0.09/turn

%: no passive effects
@: no status effects
A: no striking features
a: no special abilities


You were on level 1 of the Dungeon.
You visited 1 branch of the dungeon, and saw 1 of its levels.

You collected 7 gold pieces.


   Skills:
 - Level 1.5 Fighting
 + Level 6.2 Ranged Weapons
 - Level 2.4 Dodging
 - Level 1.2 Stealth


You had one spell level left.
You didn't know any spells.
Your spell library was empty.

Inventory:

Hand Weapons
 a - a +0 shortbow (weapon)
Armour
 c - a +0 leather armour (worn)
 d - a +0 ring mail
Scrolls
 b - a scroll of butterflies
Potions
 e - a potion of attraction {unknown}

Dungeon Overview and Level Annotations

Branches:
Dungeon (1/15)

Altars:


Message History

You shoot an arrow. The arrow barely misses the jackal.
The arrow hits the jackal.
The jackal is moderately wounded.
The jackal misses you. The jackal closely misses you.
You shoot an arrow. The arrow barely misses the jackal.
The jackal misses you. x2; The jackal bites you.
You shoot an arrow.
The arrow hits the jackal but does no damage.
The jackal is severely wounded.
The jackal closely misses you.
The jackal bites you but does no damage.
The jackal barely misses you. x2
You shoot an arrow. The arrow hits the jackal.
You kill the jackal!
The jackal completely misses you. The jackal bites you.
You shoot an arrow. The arrow hits the jackal!
You kill the jackal!
The jackal barely misses you.
The jackal bites you but does no damage. x2
The jackal bites you.
You shoot an arrow. The arrow hits the jackal.
The jackal is severely wounded.
The jackal misses you. The jackal closely misses you. The jackal bites you. x2
The jackal bites you but does no damage.
The jackal bites you.
You shoot an arrow. The arrow barely misses the jackal.
The jackal bites you. x2; The jackal barely misses you.
The jackal bites you.
You shoot an arrow. The arrow hits the jackal.
You kill the jackal!
The jackal bites you. The jackal closely misses you. The jackal misses you.
You shoot an arrow. The arrow closely misses the jackal.
The jackal bites you. The jackal misses you. The jackal barely misses you.
You shoot an arrow. The arrow hits the jackal!
You kill the jackal!
The jackal misses you. x2
You shoot an arrow. The arrow barely misses the kobold.
The kobold hits you but does no damage. The jackal barely misses you.
You shoot an arrow. The arrow barely misses the kobold.
The jackal misses you. The kobold hits you with a +0 dagger.
You die...

#. #......(.###...#~#.........#~#
.###..#.#.........##...........##
......#.#.#.###...#.............#
#...#.#.#.#......##..)..........#
........#.#.....#.#.............#
#...#.....#....#.........<.......
##.########..#..#.#.............#
## #..##..##.............#
#.....@%#.............#
##.###hK##...........## #.#
#..#~#.........#~#
#..#~~#.......#~~#
#.%#######.###### #%.. #$...
#...)


You could see a jackal and a kobold.

Vanquished Creatures
  A ball python (D:1)
  2 goblins (D:1)
  6 jackals (D:1)
  A kobold (D:1)
  A quokka (D:1)
  2 bats (D:1)
  A rat (D:1)
14 creatures vanquished.

Notes
Turn   | Place    | Note
-------+----------+-------------------------------------------
     0 | D:1      | qw the Deep Elf Hunter began the quest for the Orb.
     0 | D:1      | Reached XP level 1. HP: 12/12 MP: 3/3
     0 | D:1      | 0 ||| qw: Version: 0.3-a-9-g12657ce
     0 | D:1      | 0 ||| qw: Game counter: 2771
     0 | D:1      | 0 ||| qw: Always use a shield: true
     0 | D:1      | 0 ||| qw: God list: Okawaru
     0 | D:1      | 0 ||| qw: Allow faded altars: false
     0 | D:1      | 0 ||| qw: Do Orc after D:15 true
     0 | D:1      | 0 ||| qw: Do second Lair branch before Depths: true
     0 | D:1      | 0 ||| qw: Lair rune preference: random
     0 | D:1      | 0 ||| qw: Plans: Normal
     0 | D:1      | 0 ||| PLANNING D:1-11
    59 | D:1      | Reached XP level 2. HP: 16/16 MP: 4/4
    72 | D:1      | Reached skill level 6 in Ranged Weapons
   114 | D:1      | HP: 3/16 [jackal (3)]
   115 | D:1      | HP: 1/16 [jackal (2)]
   119 | D:1      | Slain by a kobold

Levels and vault maps discovered:
D:1:      psy_arrival_dodecagon, layout_loops_ring, bh_walls_and_bars

Skill      XL: |  1  2 |
---------------+-------+-----
Ranged Weapons | 6 |  6.2
Fighting       | |  1.5
Dodging        | |  2.4
Stealth        | |  1.2

Action                     || total
---------------------------++-------
   Fire: Shortbow          ||    35
 Armour: Leather armour    ||     5
  Dodge: Dodged            ||    22

Table legend:
 A = Non-vault XP
 B = Vault XP
 C = Vault XP percentage of total XP
 D = Non-vault monster count
 E = Vault monster count
 F = Vault count percentage of total count
                 A         B        C        D         E       F
            +---------+---------+-------+---------+---------+-------
      Total |      25 |       0 |   0.0 |      14 |       0 |   0.0
            +---------+---------+-------+---------+---------+-------
        D:1 |      25 |       0 |   0.0 |      14 |       0 |   0.0
            +---------+---------+-------+---------+---------+-------
